AoeStats
← DKing

Lombardia

509311876Analyzed
4v4 RM · 6d ago on Sep 26, 2026· 37m 54s· 8 players
Game mode
Random Map
Map size
Large (8 player)
Population
200
Speed
Normal
Resources
Standard
Victory
Conquest
Starting age
Dark Age
Ending age
Imperial Age
RankedLock teamsTeams togetherTeam positionsShared explorationLock speedFull tech treeHidden civsTurbo modeCheats
Victory
Defeat
🇫🇷 Huns · France
1386
+10
🇨🇳 Saxons · China
1218
+16
🇹🇼 Varangians · Taiwan
1160
+19
🇫🇷 Berbers · France
1157
+19
🇵🇹 Hindustanis · Portugal
1250
-17
🇲🇽 Wu · Mexico
1226
-16
🇫🇷 Varangians · France
1220
-16
🇨🇱 Celts · Chile
1204
-15
Oveja de Batalla
7:33 Loom
9:53 Feudal Age
10:24 Double-Bit Axe
11:45 Horse Collar
16:08 Gold Mining
20:05 Castle Age
18:42 Scale Mail Armor
19:34 Forging
21:15 Husbandry
21:25 Town Watch
27:53 Scale Barding Armor
30:27 Bow Saw
30:36 Heavy Plow
31:15 Bloodlines
32:18 Gold Shaft Mining
32:24 Padded Archer Armor
36:00 Wheelbarrow
36:38 Leather Archer Armor
36:14 Fletching
JoN
8:59 Loom
10:44 Feudal Age
13:26 Double-Bit Axe
13:51 Horse Collar
16:16 Castle Age
16:27 Light Cavalry
21:29 Wheelbarrow
21:33 Bow Saw
22:42 Gold Mining
25:11 Scale Barding Armor
26:14 Man-at-Arms
27:09 Heavy Plow
27:28 Hand Cart
27:51 Bloodlines
27:39 Fletching
28:24 Husbandry
29:31 Bodkin Arrow
29:58 Chain Barding Armor
29:37 Town Watch
32:01 Vendel Legacy
33:06 Forging
37:25 Imperial Age
35:16 Stone Mining
Komposita
1:24 Loom
12:04 Feudal Age
16:06 Castle Age
15:32 Double-Bit Axe
15:31 Horse Collar
16:57 Bow Saw
16:50 Heavy Plow
19:19 Fletching
21:59 Stone Mining
22:21 Gold Mining
23:49 Wheelbarrow
23:04 Town Watch
24:19 Gold Shaft Mining
24:19 Stone Shaft Mining
24:31 Bodkin Arrow
25:58 Hand Cart
26:32 Ballistics
29:11 Fortified Wall
29:41 Scale Mail Armor
31:44 Forging
33:05 Hand Cart
34:09 Chain Mail Armor
38:08 Imperial Age
36:21 Iron Casting
36:29 Stronghold
DKing
4:20 Loom
11:32 Feudal Age
16:22 Castle Age
14:24 Double-Bit Axe
15:15 Horse Collar
17:24 Town Watch
18:50 Bow Saw
23:17 Light Cavalry
25:23 Wheelbarrow
31:38 Imperial Age
29:26 Heavy Plow
29:58 Husbandry
30:09 Bloodlines
31:52 Hand Cart
31:54 Heavy Camel Rider
33:24 Conscription
34:39 Two-Man Saw
34:32 Scale Barding Armor
34:38 Forging
35:43 Chain Barding Armor
35:57 Padded Archer Armor
35:58 Scale Mail Armor
37:46 Plate Barding Armor
BalHoublon
9:21 Loom
11:10 Feudal Age
15:25 Castle Age
13:24 Double-Bit Axe
14:12 Stone Mining
24:08 Horse Collar
30:28 Imperial Age
29:05 Wheelbarrow
28:16 Town Watch
29:16 Town Patrol
29:28 Fletching
29:39 Padded Archer Armor
30:13 Hand Cart
30:37 Bow Saw
30:55 Scale Barding Armor
31:01 Forging
31:43 Husbandry
32:06 Chain Barding Armor
32:03 Heavy Plow
32:20 Bloodlines
31:41 Heavy Camel Rider
36:49 Iron Casting
38:50 Plate Barding Armor
39:16 Blast Furnace
LaBitas
8:22 Loom
11:11 Feudal Age
13:18 Double-Bit Axe
15:58 Castle Age
15:17 Fletching
15:27 Padded Archer Armor
22:43 Husbandry
23:31 Ballistics
23:53 Bodkin Arrow
25:08 Bloodlines
25:16 Horse Collar
26:19 Leather Archer Armor
28:12 Thumb Ring
32:43 Imperial Age
31:40 Gold Mining
33:06 Heavy Cavalry Archer
34:29 Bracer
36:11 Chemistry
37:10 Parthian Tactics
saintOAO
10:20 Feudal Age
12:03 Loom
13:24 Scale Barding Armor
13:32 Bloodlines
13:49 Double-Bit Axe
14:20 Horse Collar
21:43 Castle Age
23:35 Stone Mining
23:56 Bow Saw
23:58 Heavy Plow
25:11 Wheelbarrow
26:51 Gold Mining
31:55 Husbandry
32:41 Forging
33:46 Chain Barding Armor
35:13 Iron Casting
34:23 Vendel Legacy
39:49 Imperial Age
37:35 Hand Cart
叽里咕噜说啥呢
11:10 Feudal Age
14:55 Fletching
14:54 Double-Bit Axe
15:07 Loom
18:33 Wheelbarrow
17:44 Town Watch
23:41 Castle Age
21:46 Padded Archer Armor
23:55 Horse Collar
25:03 Stone Mining
25:03 Gold Mining
25:50 Crossbowman
28:02 Gold Shaft Mining
27:49 Heavy Plow
30:06 Thumb Ring
30:32 Bow Saw
30:49 Squires
30:35 Gambesons
31:28 Scale Mail Armor
31:24 Bodkin Arrow
32:15 Ballistics
32:40 Ballistics
32:59 Pikeman
35:00 Leather Archer Armor
35:07 Hand Cart
35:34 Treadmill Crane
Connection lost

Rejoining the realm…

Still unreachable

The connection could not be restored.

Session expired

The server has moved on; the page needs a fresh start.